[ PARTIDA AOE2 · #513673819 ]
UnrankedMuiscas vs Italians
Equipo del jugador · DERR
Equipo rival · VICT
[ ANÁLISIS DE REPETICIÓN · EXTRAÍDO DE LA PARTIDA GRABADA ]
Feudal
12:40
Castillos
20:07
Imperial
32:17
| APM promedio | 38.4 |
| APM pico | 70 |
| eAPM promedio | 16.7 |
| Aldeanos / militares | 118 / 20 |
Foco
⚔️ 41.1% · 🌾 58.9%
Unknown (2550) ×223 · Unknown (2562) ×76 · Skirmisher ×15 · Trebuchet (Packed) ×5
Feudal
8:26
Castillos
20:24
Imperial
33:54
| APM promedio | 65.6 |
| APM pico | 195 |
| eAPM promedio | 33.0 |
| Aldeanos / militares | 148 / 324 |
Foco
⚔️ 52.7% · 🌾 47.3%
Scout Cavalry ×121 · Archer ×63 · Hand Cannoneer ×54 · Skirmisher ×31 · Knight ×28 · Bombard Cannon ×14
Mapa de la partida
Recursos iniciales + cada clic de construcción. Líneas = muros · curvas = relieve. ◆ oro · ⬟ piedra · ● bayas · ✦ reliquia · ◌ hueco del cierre
Tu base· ✓ Cerrada en 20:07 · 49t muro · sin puerta
Base de 大當家· ✓ Cerrada en 20:24 · 35t muro · 1 puerta(s)
Terreno inicial suavizado · ◌ = hueco del cierre detectado · pasá el cursor para detalles
Inputs por minuto
— niksu - - 大當家
Build order — niksu
Primeras 150 de 477 acciones detectadas
| 0:02 | Encolar | Villager (Male) |
| 0:03 | Encolar | Villager (Male) |
| 0:03 | Encolar | Villager (Male) |
| 0:04 | Construir | House |
| 0:05 | Construir | House |
| 0:10 | Encolar | Villager (Male) |
| 0:10 | Encolar | Villager (Male) |
| 1:41 | Encolar | Villager (Male) |
| 1:41 | Encolar | Villager (Male) |
| 2:14 | Encolar | Villager (Male) |
| 2:38 | Encolar | Villager (Male) |
| 2:38 | Encolar | Villager (Male) |
| 3:05 | Encolar | Villager (Male) |
| 3:05 | Encolar | Villager (Male) |
| 3:22 | Encolar | Villager (Male) |
| 3:39 | Construir | Settlement |
| 3:43 | Construir | Settlement |
| 3:47 | Encolar | Villager (Male) |
| 3:59 | Encolar | Villager (Male) |
| 4:13 | Encolar | Villager (Male) |
| 5:11 | Encolar | Villager (Male) |
| 5:23 | Construir | Barracks |
| 5:31 | Encolar | Villager (Male) |
| 5:36 | Construir | House |
| 6:18 | Construir | Settlement |
| 6:29 | Encolar | Villager (Male) |
| 6:31 | Encolar | Unit 2550 |
| 6:32 | Encolar | Unit 2550 |
| 7:00 | Construir | Palisade Wall |
| 7:07 | Encolar | Villager (Male) |
| 7:35 | Encolar | Villager (Male) |
| 7:54 | Encolar | Villager (Male) |
| 8:11 | Encolar | Unit 2550 |
| 8:12 | Encolar | Villager (Male) |
| 8:24 | Encolar | Villager (Male) |
| 8:28 | Construir | Settlement |
| 8:58 | Construir | Palisade Wall |
| 8:58 | Construir | Palisade Wall |
| 9:10 | Encolar | Villager (Male) |
| 9:14 | Investigar | Loom |
| 9:35 | Encolar | Villager (Male) |
| 9:54 | Investigar | Feudal Age |
| 10:08 | Construir | Palisade Wall |
| 10:09 | Construir | Palisade Wall |
| 10:23 | Encolar | Villager (Male) |
| 11:12 | Construir | Palisade Wall |
| 11:14 | Construir | Palisade Wall |
| 11:19 | Construir | Farm |
| 11:21 | Construir | Farm |
| 11:25 | Construir | Outpost |
| 12:14 | Construir | Palisade Wall |
| 12:24 | Construir | Farm |
| 12:28 | Construir | Farm |
| 12:32 | Construir | Palisade Wall |
| 12:39 | Encolar | Villager (Male) |
| 12:40 | Edad | Edad Feudal |
| 12:45 | Investigar | Double-Bit Axe |
| 13:19 | Construir | Archery Range |
| 13:22 | Encolar | Villager (Male) |
| 13:49 | Construir | Farm |
| 13:50 | Encolar | Villager (Male) |
| 14:14 | Encolar | Villager (Male) |
| 14:37 | Construir | Blacksmith |
| 14:41 | Encolar | Villager (Male) |
| 14:48 | Construir | House |
| 14:58 | Investigar | Town Watch |
| 15:12 | Construir | House |
| 15:15 | Encolar | Villager (Male) |
| 16:00 | Construir | Market |
| 16:09 | Construir | Palisade Wall |
| 16:10 | Construir | Palisade Wall |
| 16:14 | Encolar | Villager (Male) |
| 16:20 | Construir | Farm |
| 16:24 | Construir | Farm |
| 16:29 | Construir | Farm |
| 17:02 | Encolar | Villager (Male) |
| 17:02 | Encolar | Villager (Male) |
| 17:14 | Investigar | Castle Age |
| 17:54 | Construir | Farm |
| 17:58 | Construir | Farm |
| 18:00 | Construir | Farm |
| 18:05 | Investigar | Horse Collar |
| 18:27 | Investigar | Gold Mining |
| 19:04 | Investigar | Fletching |
| 19:33 | Construir | Farm |
| 19:49 | Investigar | Padded Archer Armor |
| 20:07 | Edad | Edad de los Castillos |
| 20:15 | Construir | Castle |
| 20:17 | Encolar | Villager (Male) |
| 20:20 | Construir | Town Center |
| 20:33 | Investigar | Bodkin Arrow |
| 20:46 | Encolar | Villager (Male) |
| 20:46 | Encolar | Villager (Male) |
| 20:50 | Construir | Farm |
| 20:52 | Construir | Farm |
| 20:54 | Construir | Farm |
| 21:08 | Construir | Outpost |
| 21:11 | Construir | Outpost |
| 21:14 | Encolar | Unit 2562 |
| 21:14 | Encolar | Unit 2562 |
| 21:15 | Encolar | Villager (Male) |
| 21:20 | Encolar | Unit 2562 |
| 21:20 | Encolar | Unit 2562 |
| 21:20 | Encolar | Unit 2562 |
| 21:24 | Encolar | Villager (Male) |
| 21:31 | Construir | Farm |
| 21:33 | Encolar | Villager (Male) |
| 21:34 | Encolar | Unit 2562 |
| 21:35 | Encolar | Unit 2562 |
| 21:47 | Construir | Farm |
| 21:48 | Encolar | Villager (Male) |
| 22:09 | Encolar | Unit 2562 |
| 22:23 | Investigar | Wheelbarrow |
| 22:24 | Encolar | Villager (Male) |
| 22:26 | Encolar | Unit 2562 |
| 22:48 | Encolar | Unit 2562 |
| 23:09 | Investigar | Leather Archer Armor |
| 23:28 | Encolar | Unit 2562 |
| 23:29 | Encolar | Unit 2562 |
| 23:58 | Encolar | Villager (Male) |
| 24:03 | Encolar | Unit 2562 |
| 24:03 | Encolar | Unit 2562 |
| 24:13 | Construir | Farm |
| 24:18 | Construir | University |
| 24:20 | Construir | Farm |
| 24:20 | Construir | Farm |
| 24:20 | Construir | Farm |
| 24:30 | Encolar | Unit 2562 |
| 24:30 | Encolar | Unit 2562 |
| 24:46 | Encolar | Villager (Male) |
| 24:48 | Encolar | Villager (Male) |
| 24:48 | Encolar | Villager (Male) |
| 24:50 | Encolar | Unit 2562 |
| 24:50 | Encolar | Unit 2562 |
| 25:01 | Encolar | Villager (Male) |
| 25:26 | Investigar | Ballistics |
| 25:27 | Encolar | Villager (Male) |
| 25:29 | Encolar | Unit 2562 |
| 25:29 | Encolar | Unit 2562 |
| 25:47 | Encolar | Unit 2562 |
| 25:49 | Encolar | Villager (Male) |
| 25:59 | Encolar | Villager (Male) |
| 26:00 | Encolar | Villager (Male) |
| 26:16 | Encolar | Villager (Male) |
| 26:16 | Encolar | Villager (Male) |
| 26:36 | Encolar | Villager (Male) |
| 26:37 | Encolar | Villager (Male) |
| 26:37 | Encolar | Unit 2562 |
| 26:37 | Encolar | Unit 2562 |
| 26:43 | Construir | Settlement |
Build order — 大當家
Primeras 150 de 644 acciones detectadas
| 0:01 | Encolar | Villager (Male) ×4 |
| 0:02 | Construir | House |
| 0:04 | Construir | House |
| 1:37 | Encolar | Villager (Male) |
| 1:37 | Encolar | Villager (Male) |
| 1:52 | Construir | Lumber Camp |
| 1:57 | Encolar | Villager (Male) |
| 1:57 | Encolar | Villager (Male) |
| 2:22 | Encolar | Villager (Male) |
| 2:22 | Encolar | Villager (Male) |
| 2:48 | Encolar | Villager (Male) |
| 2:48 | Encolar | Villager (Male) |
| 3:10 | Encolar | Villager (Male) |
| 3:11 | Encolar | Villager (Male) |
| 3:11 | Encolar | Villager (Male) |
| 3:45 | Construir | House |
| 3:51 | Encolar | Villager (Male) |
| 4:01 | Encolar | Villager (Male) |
| 4:02 | Encolar | Villager (Male) |
| 4:30 | Construir | Mill |
| 4:41 | Encolar | Villager (Male) |
| 4:45 | Investigar | Loom |
| 6:11 | Investigar | Feudal Age |
| 7:27 | Construir | Barracks |
| 7:32 | Encolar | Villager (Male) |
| 7:57 | Encolar | Villager (Male) |
| 8:01 | Construir | House |
| 8:26 | Edad | Edad Feudal |
| 8:30 | Construir | Archery Range |
| 8:37 | Investigar | Double-Bit Axe |
| 8:37 | Investigar | Double-Bit Axe |
| 8:42 | Construir | Palisade Wall |
| 8:43 | Construir | Palisade Wall |
| 8:44 | Construir | Palisade Wall |
| 8:54 | Encolar | Villager (Male) |
| 9:18 | Construir | Mining Camp |
| 9:28 | Encolar | Archer |
| 9:38 | Construir | Palisade Wall |
| 9:39 | Construir | Palisade Wall |
| 9:40 | Construir | Palisade Wall |
| 9:40 | Construir | Palisade Wall |
| 9:41 | Construir | Palisade Wall |
| 9:41 | Construir | Palisade Wall |
| 9:41 | Construir | Palisade Wall |
| 9:42 | Construir | Palisade Wall |
| 9:42 | Construir | Palisade Wall |
| 9:42 | Construir | Palisade Wall |
| 9:42 | Construir | Palisade Wall |
| 9:43 | Construir | Palisade Wall |
| 9:43 | Construir | Palisade Wall |
| 9:43 | Construir | Palisade Wall |
| 9:44 | Encolar | Villager (Male) |
| 9:45 | Encolar | Villager (Male) |
| 9:53 | Construir | House |
| 10:17 | Construir | Palisade Gate |
| 10:25 | Encolar | Archer |
| 10:28 | Construir | House |
| 10:29 | Construir | House |
| 10:31 | Construir | House |
| 10:34 | Construir | House |
| 10:40 | Encolar | Villager (Male) |
| 10:44 | Encolar | Archer |
| 10:47 | Construir | House |
| 11:05 | Encolar | Villager (Male) |
| 11:20 | Encolar | Archer |
| 11:37 | Encolar | Archer |
| 11:41 | Encolar | Villager (Male) |
| 11:42 | Encolar | Villager (Male) |
| 11:46 | Construir | Blacksmith |
| 12:04 | Encolar | Villager (Male) |
| 12:15 | Construir | Mill |
| 12:19 | Encolar | Archer |
| 12:29 | Encolar | Villager (Male) |
| 12:47 | Encolar | Archer |
| 13:02 | Construir | Palisade Wall |
| 13:06 | Construir | Palisade Wall |
| 13:07 | Construir | Palisade Wall |
| 13:22 | Investigar | Fletching |
| 13:25 | Construir | Farm |
| 13:26 | Construir | Farm |
| 13:36 | Encolar | Villager (Male) |
| 13:59 | Construir | Farm |
| 14:00 | Construir | Farm |
| 14:00 | Construir | Farm |
| 14:14 | Encolar | Villager (Male) |
| 14:22 | Construir | Farm |
| 14:26 | Encolar | Archer |
| 14:39 | Encolar | Villager (Male) |
| 14:59 | Construir | Farm |
| 15:00 | Encolar | Villager (Male) |
| 15:03 | Construir | Farm |
| 15:07 | Construir | Farm |
| 15:22 | Encolar | Villager (Male) |
| 15:30 | Construir | Farm |
| 15:34 | Encolar | Archer |
| 15:44 | Encolar | Villager (Male) |
| 15:47 | Construir | Farm |
| 15:57 | Encolar | Villager (Male) |
| 16:03 | Construir | Farm |
| 16:08 | Encolar | Archer |
| 16:15 | Encolar | Villager (Male) |
| 16:46 | Encolar | Villager (Male) |
| 16:48 | Construir | Farm |
| 16:52 | Construir | Farm |
| 16:57 | Encolar | Archer |
| 17:11 | Encolar | Villager (Male) |
| 17:13 | Construir | Farm |
| 17:34 | Encolar | Villager (Male) |
| 17:44 | Investigar | Castle Age |
| 17:59 | Encolar | Archer |
| 18:05 | Construir | Lumber Camp |
| 18:12 | Investigar | Horse Collar |
| 19:04 | Construir | Archery Range |
| 19:08 | Encolar | Villager (Male) |
| 19:23 | Investigar | Gold Mining |
| 19:39 | Encolar | Archer |
| 19:42 | Investigar | Padded Archer Armor |
| 19:56 | Encolar | Archer |
| 20:24 | Edad | Edad de los Castillos |
| 20:28 | Encolar | Villager (Male) |
| 20:31 | Construir | House |
| 20:32 | Construir | House |
| 20:33 | Construir | House |
| 20:44 | Encolar | Villager (Male) |
| 20:45 | Encolar | Villager (Male) |
| 20:50 | Construir | Monastery |
| 21:04 | Construir | Town Center |
| 21:08 | Investigar | Bow Saw |
| 21:10 | Investigar | Crossbowman (upgrade) |
| 21:36 | Encolar | Archer |
| 21:37 | Encolar | Archer |
| 21:38 | Encolar | Monk |
| 21:45 | Encolar | Villager (Male) |
| 21:48 | Construir | Farm |
| 21:48 | Construir | Farm |
| 21:48 | Construir | Farm |
| 21:54 | Encolar | Archer |
| 21:54 | Encolar | Archer |
| 22:07 | Encolar | Villager (Male) |
| 22:21 | Investigar | Bodkin Arrow |
| 22:21 | Investigar | Bodkin Arrow |
| 22:28 | Encolar | Villager (Male) |
| 22:30 | Construir | Farm |
| 22:31 | Construir | Farm |
| 22:31 | Construir | Farm |
| 22:31 | Construir | Farm |
| 22:42 | Encolar | Villager (Male) |
| 22:44 | Construir | Farm |
| 22:45 | Construir | Farm |
| 22:52 | Encolar | Archer |
Cronología de la partida
| 5:23 | niksu · first_building Barracks |
| 7:00 | niksu · wall_segment Palisade Wall x6 |
| 7:27 | 大當家 · first_building Barracks |
| 8:26 | 大當家 · age_up feudal |
| 8:30 | 大當家 · first_building Archery Range |
| 8:42 | 大當家 · wall_segment Palisade Wall x1 |
| 8:43 | 大當家 · wall_segment Palisade Wall x1 |
| 8:44 | 大當家 · wall_segment Palisade Wall x1 |
| 8:58 | niksu · wall_segment Palisade Wall x4 |
| 8:58 | niksu · wall_segment Palisade Wall x4 |
| 9:38 | 大當家 · wall_segment Palisade Wall x1 |
| 9:39 | 大當家 · wall_segment Palisade Wall x1 |
| 9:40 | 大當家 · wall_segment Palisade Wall x2 |
| 9:40 | 大當家 · wall_segment Palisade Wall x1 |
| 9:41 | 大當家 · wall_segment Palisade Wall x1 |
| 9:41 | 大當家 · wall_segment Palisade Wall x1 |
| 9:41 | 大當家 · wall_segment Palisade Wall x1 |
| 9:42 | 大當家 · wall_segment Palisade Wall x1 |
| 9:42 | 大當家 · wall_segment Palisade Wall x1 |
| 9:42 | 大當家 · wall_segment Palisade Wall x2 |
| 9:42 | 大當家 · wall_segment Palisade Wall x1 |
| 9:43 | 大當家 · wall_segment Palisade Wall x2 |
| 9:43 | 大當家 · wall_segment Palisade Wall x2 |
| 9:43 | 大當家 · wall_segment Palisade Wall x1 |
| 10:08 | niksu · wall_segment Palisade Wall x11 |
| 10:09 | niksu · wall_segment Palisade Wall x3 |
| 11:12 | niksu · wall_segment Palisade Wall x4 |
| 11:14 | niksu · wall_segment Palisade Wall x2 |
| 12:14 | niksu · wall_segment Palisade Wall x5 |
| 12:32 | niksu · wall_segment Palisade Wall x3 |
| 12:40 | niksu · age_up feudal |
| 13:02 | 大當家 · wall_segment Palisade Wall x12 |
| 13:06 | 大當家 · wall_segment Palisade Wall x6 |
| 13:07 | 大當家 · wall_segment Palisade Wall x4 |
| 13:19 | niksu · first_building Archery Range |
| 16:09 | niksu · wall_segment Palisade Wall x2 |
| 16:10 | niksu · wall_segment Palisade Wall x6 |
| 17:12 | niksu · first_market_buy 100 food |
| 20:07 | niksu · age_up castle |
| 20:15 | niksu · first_building Castle |
| 20:24 | 大當家 · age_up castle |
| 20:50 | 大當家 · first_building Monastery |
| 21:19 | niksu · first_market_sell 100 wood |
| 23:14 | 大當家 · first_building Siege Workshop |
| 28:36 | niksu · first_building Monastery |
| 29:50 | 大當家 · first_building Stable |
| 30:21 | 大當家 · first_market_buy 100 food |
| 32:17 | niksu · age_up imperial |
| 33:28 | 大當家 · first_market_sell 100 wood |
| 33:54 | 大當家 · age_up imperial |
| 34:36 | 大當家 · first_building Castle |
| 54:41 | niksu · resign |
[ ANÁLISIS IA · 1 CRÉDITO ]
¿Qué pasó realmente en esta partida?
Wolo.gg analiza cada decisión: build order, eco, micro, errores típicos por bracket. Análisis personalizado por WhatsApp o Discord en 30 segundos.
Guía civ
Muiscas
Perfil
Jugador #1885593